 Dungeon Crawl Stone Soup version 0.22-a0-553-g9358b0b (webtiles) character file.

3361 Amnesiac the Cutter (level 10, -4/51 HPs)
             Began as a Vine Stalker Berserker on June 25, 2018.
             Was a High Priest of Trog.
             Slain by a hornet (6 damage)
             ... while paralysed by a hornet
             ... on level 8 of the Dungeon.
             The game lasted 00:11:14 (6022 turns).

Amnesiac the Cutter (Vine Stalker Berserker)        Turns: 6022, Time: 00:11:15

Health: -4/51      AC:  5    Str: 24    XL:     10   Next: 3%
Magic:  0/14       EV:  2    Int:  7    God:    Trog [*****.]
Gold:   619        SH:  0    Dex: 13    Spells: 9/9 levels left

rFire    + + .     SeeInvis .   a - +2 short sword (speed)
rCold    + + .     Gourm    .   I - +0 shield
rNeg     . . .     Faith    .   F - +1 robe {rC+ rF+}
rPois    .         Spirit   +   (no helmet)
rElec    .         Reflect  .   b - scarf {rC+ rF+}
rCorr    .         Harm     .   t - +0 pair of gloves
MR       +....                  q - +0 pair of boots
Stlth    +.........             p - amulet of the acrobat
HPRegen  0.57/turn              (no ring)
MPRegen  0.14/turn              (no ring)

@: paralysed, lethally poisoned (-4 -> -14), slowed
A: fangs 3, regeneration 1, magic shield, antimagic bite, no potion heal 3, rot
immunity
a: Berserk, Trog's Hand, Brothers in Arms, Renounce Religion


You were on level 8 of the Dungeon.
You worshipped Trog.
Trog was extremely pleased with you.
You were not hungry.

You visited 1 branch of the dungeon, and saw 8 of its levels.
You also visited: Ossuary.

You collected 619 gold pieces.

Inventory:

Hand Weapons
 a - a +2 short sword of speed (weapon)
 J - the +5 long sword of Armageddon {slice, Str+2 Int+3 SInv}
   (You found it on level 7 of the Dungeon)

   It inflicts extra damage upon your enemies.
   It affects your strength (+2).
   It affects your intelligence (+3).
   It lets you see invisible.
Armour
 b - a scarf of resistance (worn)
 q - a +0 pair of boots (worn)
 t - a +0 pair of gloves (worn)
 F - a +1 robe of resistance (worn)
 I - a +0 shield (worn)
Jewellery
 p - an amulet of the acrobat (around neck)
 D - an uncursed ring of teleportation
Wands
 s - a wand of iceblast (8)
 v - a wand of digging (28)
 x - a wand of random effects (36)
 C - a wand of acid (6)
 H - a wand of flame (23)
Scrolls
 f - 3 scrolls of magic mapping {!r}
 g - 9 scrolls of remove curse {!r}
 k - 5 scrolls of teleportation {!r}
 l - 2 scrolls of immolation {!r}
 n - 2 scrolls of fear {!r}
 o - 3 scrolls of enchant weapon {!r}
 y - 2 scrolls of identify {!r}
 z - 3 scrolls of brand weapon {!r, unknown}
 G - a scroll of noise {!r, unknown}
 K - a scroll of fog {!r, unknown}
Potions
 d - a potion of flight {!q, unknown}
 e - 3 potions of cancellation {!q, unknown}
 h - 2 potions of agility {!q}
 i - 5 potions of curing {!q}
 j - 2 potions of haste {!q}
 m - a potion of might {!q}
 r - a potion of mutation {!q}
 u - a potion of magic {!q}
 w - a potion of resistance {!q}
 A - 2 potions of berserk rage {!q}
 B - a potion of brilliance {!q}
 E - a potion of invisibility {!q, unknown}
Comestibles
 c - 20 rations
 L - 3 chunks of flesh


   Skills:
 - Level 5.1 Fighting
 * Level 7.6 Short Blades
 - Level 4.0 Armour
 - Level 4.0 Dodging
 - Level 5.1 Shields
 - Level 5.1 Evocations


You had 9 spell levels left.
You didn't know any spells.
Your spell library contained the following spells:

 Spells                   Type           Power        Failure   Level  Hunger
 Spider Form              Tmut/Pois      #.........   99%         3    ####...
 Blade Hands              Tmut           #.........   100%        5    ######.
 Ice Form                 Ice/Tmut       #.......     100%        4    #####..
 Sticks to Snakes         Tmut           #.......     94%         2    ###....
 Beastly Appendage        Tmut           #.....       86%         1    ##.....


Dungeon Overview and Level Annotations

Branches:
Dungeon (8/15)             Temple (0/1) D:4
   Lair: D:8-11

Altars:
Cheibriados
Fedhas
Gozag
Okawaru
Qazlal
Ru
Uskayaw


Innate Abilities, Weirdness & Mutations

You have razor-sharp teeth.
Your natural rate of healing is unusually fast.
When hurt, damage is shared between your health and your magic reserves.
Your bite disrupts and absorbs the magic of your enemies.
Potions cannot restore your health.
You are immune to rotting.


Message History

A howler monkey comes into view.
You block the hornet's attack.
There are monsters nearby!
You hit the hornet. You bite the hornet. You drain its power.
The hornet is lightly wounded.
You block the hornet's attack.
There are monsters nearby!
You closely miss the hornet.
The hornet is lightly wounded.
The hornet barely misses you.
You barely miss the hornet.
The hornet is lightly wounded.
You block the hornet's attack.
You hit the hornet but do no damage. You bite the hornet, but do no damage.
The hornet is lightly wounded.
The howler monkey hoots and howls with incredible vigour!
The hornet stings you!
You are poisoned.
You feel yourself slow down.
You puncture the hornet!
The hornet is heavily wounded.
You feel sick. The hornet stings you!
You are more poisoned.
You feel as though you will be slow longer.
You closely miss the hornet. You bite the hornet. You drain its power.
You feel invigorated.
The hornet is heavily wounded.
You feel sick. You block the hornet's attack.
You hit the hornet.
The hornet is heavily wounded.
You feel sick. The hornet closely misses you. The hornet stings you!
You feel as though you will be slow longer.
You hit the hornet but do no damage.
The hornet is heavily wounded.
You feel sick. The hornet stings you!
* * * LOW HITPOINT WARNING * * *
You feel as though you will be slow longer.
You puncture the hornet!
The hornet is severely wounded.
The hornet closely misses you.
You hit the hornet.
The hornet is almost dead.
You feel sick. The hornet stings you.
* * * LOW HITPOINT WARNING * * *
You feel as though you will be slow longer.
The howler monkey hoots and howls with incredible vigour!
You hear a screech!
You hit the hornet but do no damage. You bite the hornet. You drain its power.
You feel invigorated.
The hornet is almost dead.
You feel sick. The hornet stings you!
* * * LOW HITPOINT WARNING * * *
You feel as though you will be slow longer.
Unknown command.
Your shield prevents you from hitting the hornet.
The hornet is almost dead.
You feel sick. The hornet stings you.
* * * LOW HITPOINT WARNING * * *
You suddenly lose the ability to move!
You feel sick. The hornet stings you.
* * * LOW HITPOINT WARNING * * *
You are more poisoned.
You shrug off the repeated paralysis!
The hornet stings you!
You die...

### .....#####
........#######
#.............#
...###.#####@#
#. #.# #y#
#.###.# #h#
#.####..##.#
#.#
#..........#
#.# #####..####
#.# #..## #.#
#...# #..
##..######


You could see a hornet and a howler monkey.

Vanquished Creatures
  A centaur zombie (D:7)
  Prince Ribbit (D:7)
  Sigmund (D:2)
  A fire bat (D:4)
  A water moccasin (D:5)
  A black bear (D:6)
  4 ogres
  A centaur (D:7)
  A crocodile (D:8)
  A big kobold (D:7)
  2 bullfrogs
  A wyvern zombie (D:7)
  A scorpion (D:8)
  3 wights (D:3)
  3 howler monkeys
  2 crimson imps (D:5)
  2 jellies
  2 hounds
  4 orc priests
  3 bullfrog skeletons
  3 iguanas
  Terence (D:3)
  8 orc wizards
  6 worker ants
  A killer bee zombie (D:7)
  A hound zombie (D:6)
  A hound skeleton (D:7)
  8 mummies (Ossuary)
  A howler monkey skeleton (D:5)
  2 worker ant zombies (D:7)
  5 adders
  2 shadow imps
  2 oozes (D:3)
  An adder skeleton (D:4)
  An adder zombie (D:4)
  5 worms
  A dart slug (D:4)
  11 leopard geckos
  31 orcs
  5 ball pythons
  7 giant cockroaches
  2 gnoll zombies (Ossuary)
  11 goblins
  7 hobgoblins
  4 jackals (D:7)
  16 kobolds
  5 quokkas
  5 bats
  5 frilled lizards
  3 hobgoblin zombies (Ossuary)
  A kobold zombie (Ossuary)
  2 orc zombies (Ossuary)
  5 rats
205 creatures vanquished.

Notes
Turn   | Place    | Note
-------+----------+-------------------------------------------
     0 | D:1      | Amnesiac the Vine Stalker Berserker began the quest for the Orb.
     0 | D:1      | Reached XP level 1. HP: 11/11 MP: 2/2
   106 | D:1      | Reached XP level 2. HP: 6/16 MP: 3/3
   110 | D:1      | Reached skill level 3 in Short Blades
   686 | D:1      | Reached ** piety under Trog
   686 | D:1      | Reached XP level 3. HP: 14/19 MP: 4/4
  1070 | D:2      | Gained mutation: Your natural rate of healing is unusually fast. [Vine Stalker growth]
  1070 | D:2      | Reached XP level 4. HP: 16/24 MP: 5/5
  1221 | D:2      | Noticed Sigmund
  1237 | D:2      | Killed Sigmund
  1237 | D:2      | Reached skill level 4 in Short Blades
  1237 | D:2      | Reached XP level 5. HP: 18/28 MP: 3/6
  1237 | D:2      | Reached XP level 6. HP: 21/32 MP: 3/7
  1782 | D:3      | Noticed Terence
  1813 | D:3      | Killed Terence
  1880 | D:3      | Reached *** piety under Trog
  2022 | D:3      | Found a blossoming altar of Fedhas.
  2103 | D:3      | Found an iron altar of Okawaru.
  2143 | D:3      | Reached XP level 7. HP: 37/37 MP: 8/8
  2148 | D:3      | Reached skill level 5 in Short Blades
  2629 | D:4      | Found a transporter.
  2648 | D:4      | Reached **** piety under Trog
  2670 | D:4      | Found a sand-covered staircase.
  2706 | D:4      | Gained mutation: You have razor-sharp teeth. [Vine Stalker growth]
  2706 | D:4      | Reached XP level 8. HP: 30/42 MP: 6/9
  2732 | Ossuary  | Entered an ossuary
  2812 | Ossuary  | Reached skill level 6 in Short Blades
  3230 | D:4      | Found a transporter.
  3252 | D:4      | Found a stormy altar of Qazlal.
  3438 | D:4      | Found a staircase to the Ecumenical Temple.
  3614 | D:5      | Entered Level 5 of the Dungeon
  3720 | D:5      | Reached ***** piety under Trog
  3720 | D:5      | Reached skill level 1 in Evocations
  3807 | D:5      | Found a sacrificial altar of Ru.
  3835 | D:5      | Found a snail-covered altar of Cheibriados.
  4053 | D:5      | Reached XP level 9. HP: 46/46 MP: 13/13
  4060 | D:5      | Reached skill level 5 in Evocations
  4257 | D:6      | Received a gift from Trog
  4267 | D:6      | Got a pitted fustibalus {god gift}
  4268 | D:6      | Identified the +2 fustibalus of Glory {venom, rPois rN+} (Trog gifted it to you on level 6 of the Dungeon)
  4332 | D:6      | Found a hide-covered altar of Uskayaw.
  4427 | D:6      | Reached skill level 5 in Fighting
  4635 | D:6      | Reached skill level 1 in Shields
  4686 | D:6      | Found an opulent altar of Gozag.
  5329 | D:7      | Noticed Prince Ribbit
  5352 | D:7      | Killed Prince Ribbit
  5352 | D:7      | Reached skill level 5 in Shields
  5542 | D:7      | Got a brightly glowing long sword
  5543 | D:7      | Identified the +5 long sword of Armageddon {slice, Str+2 Int+3 SInv} (You found it on level 7 of the Dungeon)
  5702 | D:7      | Reached skill level 7 in Short Blades
  5831 | D:8      | Reached XP level 10. HP: 51/51 MP: 14/14
  6021 | D:8      | Paralysed by a hornet for 3 turns
  6022 | D:8      | HP: 2/51 [hornet (2)]
  6022 | D:8      | Slain by a hornet

Vault maps used:
D:1:      ncdulo_lavacross
D:2:      first_ration, minmay_shallow_snake_nest, uniq_sigmund
D:3:      lemuel_round_altar, lemuel_coloured_pillars_altar, uniq_terence
D:4:      gammafunk_cloud_chamber, marbit_many_paths, lemuel_temple_firewalk_b,
          lightli_ossuary_entry_decrepit_ruins
D:5:      old_standard_altar, supply_closet_lemuel, nicolae_ru_awakened_eye
D:6:      lemuel_ice_spiral_2, nicolae_overflow_crystal_walls,
          kennysheep_mini_moat, minivault_23
D:7:      grunt_ogre_cave, uniq_prince_ribbit1
D:8:      uniq_pikel
Ossuary:  ossuary_tomb_3

Skill      XL: |  1  2  3  4  5  6  7  8  9 |
---------------+----------------------------+-----
Short Blades   | 3 4 5 6 7 |  7.6
Fighting       | 3 4 5 |  5.1
Dodging        | 2 3 4 |  4.0
Armour         | 2 3 4 |  4.0
Evocations     | 4 5 |  5.1
Shields        | 5 |  5.1

Action                   |  1- 3 |  4- 6 |  7- 9 | 10-12 || total
-------------------------+-------+-------+-------+-------++-------
Melee: Short sword       |    80 |   118 |   432 |    26 ||   656
       Bite              |    23 |    33 |   150 |    12 ||   218
Invok: Berserk           |       |     2 |     4 |       ||     6
  Use: Scroll            |       |       |    15 |       ||    15
       Potion            |       |       |     5 |       ||     5
 Stab: Sleeping          |       |     2 |     1 |       ||     3
  Eat: Chunk             |       |     5 |    16 |     1 ||    22
Armor: Animal skin       |    11 |    13 |    11 |       ||    35
       Robe              |       |       |    26 |       ||    26
Dodge: Dodged            |    53 |    39 |   193 |     6 ||   291
Block: Shield            |       |       |    31 |     9 ||    40

Table legend:
 A = Spawn XP
 B = Non-spawn XP
 C = Spawn XP percentage of total XP
 D = Spawn monster count
 E = Non-spawn monster count
 F = Spawn count percentage of total count
 G = Total turns spent on level
                    A         B        C        D         E        F      G
               +---------+---------+-------+---------+---------+-------+---------
         Total |       0 |    4802 |   0.0 |       0 |     205 |   0.0 |  6022
               +---------+---------+-------+---------+---------+-------+---------
           D:1 |       0 |      40 |   0.0 |       0 |      23 |   0.0 |   819
           D:2 |       0 |     314 |   0.0 |       0 |      25 |   0.0 |   900
           D:3 |       0 |     341 |   0.0 |       0 |      35 |   0.0 |   850
           D:4 |       0 |     851 |   0.0 |       0 |      37 |   0.0 |   893
           D:5 |       0 |    1022 |   0.0 |       0 |      26 |   0.0 |   563
           D:6 |       0 |     424 |   0.0 |       0 |      14 |   0.0 |   758
           D:7 |       0 |    1356 |   0.0 |       0 |      24 |   0.0 |   779
           D:8 |       0 |     302 |   0.0 |       0 |       5 |   0.0 |   261
       Ossuary |       0 |     152 |   0.0 |       0 |      16 |   0.0 |   199
               +---------+---------+-------+---------+---------+-------+---------
